 Dungeon Crawl Stone Soup version 0.25.0-15-gac7dcb8919 (webtiles) character file.

Game seed: 14487374103694559729

408 protoss039 the Magician (level 6, -1/41 HPs)
             Began as a Demonspawn Necromancer on June 29, 2020.
             Killed from afar by an orc wizard (6 damage)
             ... with a puff of flame
             ... on level 4 of the Dungeon.
             The game lasted 00:09:52 (4327 turns).

protoss039 the Magician (Demonspawn Necromancer)    Turns: 4327, Time: 00:09:52

Health: -1/41      AC:  2    Str:  8    XL:     6   Next: 57%
Magic:  4/15       EV: 12    Int: 18    God:
Gold:   182        SH:  0    Dex: 14    Spells: 8/17 levels left

rFire    . . .     SeeInvis .   m - +1 spear (vorpal)
rCold    . . .     Gourm    .   (no shield)
rNeg     . . .     Faith    .   a - +0 robe
rPois    .         Spirit   .   (helmet restricted)
rElec    .         Reflect  .   (no cloak)
rCorr    .         Harm     .   (no gloves)
MR       .....                  (no boots)
Stlth    ++........             (no amulet)
HPRegen  0.13/turn              (no ring)
MPRegen  0.14/turn              (no ring)

@: about to teleport
A: antennae 2, demonic guardian 1, powered by pain 1
a: no special abilities


You were on level 4 of the Dungeon.
You were not hungry.

You visited 1 branch of the dungeon, and saw 4 of its levels.

You collected 182 gold pieces.

Inventory:

Hand Weapons
 d - a +0 dagger of draining
 h - a +0 short sword
 m - a +1 vorpal spear (weapon)
Armour
 a - a +0 robe (worn)
Jewellery
 k - an uncursed ring of stealth {unknown}
 q - an uncursed ring of magical power {unknown}
 s - an uncursed ring of magical power {unknown}
 u - an uncursed amulet of reflection {unknown}
Scrolls
 b - 2 scrolls of identify {unknown}
 e - a scroll of fog {unknown}
 f - a scroll of blinking {unknown}
 i - a scroll of enchant armour {unknown}
 j - 3 scrolls of remove curse {unknown}
 n - a scroll of immolation {unknown}
 o - 3 scrolls of teleportation
Potions
 g - a potion of ambrosia {unknown}
 r - a potion of brilliance {unknown}
 t - 2 potions of berserk rage {unknown}
Comestibles
 c - 2 rations


   Skills:
 - Level 1.7 Dodging
 - Level 1.7 Stealth
 * Level 6.2 Spellcasting
 - Level 5.0 Necromancy


You had 8 spell levels left.
You knew the following spells:

 Your Spells              Type           Power        Failure   Level  Hunger
a - Pain                  Necr           ###.         1%          1    None
b - Animate Skeleton      Necr           N/A          1%          1    None
c - Vampiric Draining     Necr           ###.......   4%          3    ##.....
d - Animate Dead          Necr           N/A          14%         4    ####...

Your spell library contained the following spells:

 Spells                   Type           Power        Failure   Level  Hunger
 Confusing Touch          Hex            #.......     34%         3    ##.....
 Gell's Gravitas          Tloc           #.........   34%         3    ##.....
 Agony                    Necr           ###.....     38%         5    #####..
 Petrify                  Tmut/Erth      #.......     75%         4    ####...
 Metabolic Englaciation   Hex/Ice        #.........   97%         5    #####..
 Yara's Violent Unravell  Hex/Tmut       #.........   97%         5    #####..


Dungeon Overview and Level Annotations

Branches:
Dungeon (4/15)
 Temple: D:4-7

Altars:
Ashenzari
Nemelex Xobeh
Vehumet

Annotations:
D:3 1 exclusion
D:4 2 runed translucent doors, Apogee's ghost, amateur DDNe


Innate Abilities, Weirdness & Mutations

You have a pair of antennae on your head.
A weak demonic guardian rushes to your aid.
You sometimes gain a little power by taking damage.


Message History

Unknown command.
As you read the scroll labeled HATWEBLONA, it crumbles to dust.
You feel strangely unstable.
It was a scroll of teleportation.
The orc wizard hits you with a +0 dagger.
* * * LOW HITPOINT WARNING * * *
The orc hits you with a +0 flail.
* * * LOW HITPOINT WARNING * * *
The quokka skeleton bites you.
* * * LOW HITPOINT WARNING * * *
Unknown command.
Unknown command.
The orc wizard hits you with a +0 dagger.
* * * LOW HITPOINT WARNING * * *
Things that are here:
17 gold pieces; a jackal corpse Unknown command.
The orc wizard looks satisfied for a moment.
The orc wizard gestures at you while chanting.
The puff of flame hits you.
You die...

#.##.........#
#.######.....# #.#
#.....# #.# ####### #.#
# #######.############
....................
#.#########.##.#########
!.....†@Zo......... #
........o)).##.#### #
..........?.# # #
###.#######.# # ..# ..#
o.# Z#


You could see an orc wizard (fast), an orc and a quokka skeleton.

Vanquished Creatures
  Grinder (D:4)
  An ogre (D:4)
  3 adders
  An ooze (D:3)
  3 worms (D:2)
  A dart slug (D:1)
  2 leopard geckos (D:2)
  6 orcs
  9 bats
  2 giant cockroaches
  9 hobgoblins
  11 jackals
  A quokka (D:3)
  3 ball pythons (D:1)
  3 frilled lizards
  5 goblins
  8 kobolds
  9 rats
78 creatures vanquished.

Vanquished Creatures (collateral kills)
  A water moccasin (D:3)
1 creature vanquished.

Grand Total: 79 creatures vanquished

Notes
Turn   | Place    | Note
-------+----------+-------------------------------------------
     0 | D:1      | protoss039 the Demonspawn Necromancer began the quest for
                  | the Orb.
     0 | D:1      | Reached XP level 1. HP: 13/13 MP: 3/3
   343 | D:1      | Gained mutation: You have a pair of small antennae on your
                  | head. [demonic ancestry]
   343 | D:1      | Reached XP level 2. HP: 5/19 MP: 3/5
   824 | D:1      | Learned a level 1 spell: Animate Skeleton
   897 | D:1      | Reached skill level 5 in Necromancy
  1342 | D:1      | Gained mutation: A weak demonic guardian rushes to your
                  | aid. [demonic ancestry]
  1342 | D:1      | Reached XP level 3. HP: 23/24 MP: 4/7
  1587 | D:1      | Learned a level 3 spell: Vampiric Draining
  1730 | D:2      | Reached skill level 3 in Spellcasting
  2795 | D:2      | Gained mutation: You sometimes gain a little power by
                  | taking damage. [demonic ancestry]
  2795 | D:2      | Reached XP level 4. HP: 27/30 MP: 9/9
  2869 | D:2      | Learned a level 4 spell: Animate Dead
  3105 | D:3      | Found a radiant altar of Vehumet.
  3314 | D:3      | Noticed a water moccasin
  3326 | D:3      | Killed a water moccasin
  3326 | D:3      | Reached skill level 4 in Spellcasting
  3326 | D:3      | Gained mutation: You have a pair of antennae on your head.
                  | [demonic ancestry]
  3326 | D:3      | Reached XP level 5. HP: 20/35 MP: 3/11
  3612 | D:3      | Found a sparkling altar of Nemelex Xobeh.
  3675 | D:3      | Found a shattered altar of Ashenzari.
  4113 | D:4      | Found a large runed translucent door.
  4113 | D:4      | Found a large runed translucent door.
  4114 | D:4      | Noticed Apogee's ghost (amateur DDNe)
  4175 | D:4      | Noticed Grinder
  4248 | D:4      | Killed Grinder
  4248 | D:4      | Reached skill level 5 in Spellcasting
  4248 | D:4      | Reached XP level 6. HP: 41/41 MP: 12/14
  4317 | D:4      | Reached skill level 6 in Spellcasting
  4327 | D:4      | Killed from afar by an orc wizard

Illustrated notes

Levels and vault maps discovered:
D:1:      enne_arrival_octagon_isle, layout_basic,
          chequers_serial_rivers_small_a, minmay_tromino_v4_c
D:2:      layout_loops_cross
D:3:      layout_basic, nicolae_overflow_hidden_temple, lemuel_round_altar,
          vehumet_crystals
D:4:      layout_basic, minmay_overflow_temple_star_quad,
          ebering_ghost_disaster_area, uniq_grinder

Skill      XL: |  1  2  3  4  5  6 |
---------------+-------------------+-----
Necromancy     | 5 |  5.0
Spellcasting   | 3 4 5 6 |  6.2
Dodging        | |  1.7
Stealth        | |  1.7

Action                   |  1- 3 |  4- 6 || total
-------------------------+-------+-------++-------
Melee: Dagger            |    23 |       ||    23
       Spear             |    64 |    68 ||   132
 Cast: Pain              |    51 |    21 ||    72
       Vampiric Draining |     3 |     7 ||    10
  Use: Potion            |       |     4 ||     4
       Scroll            |       |     1 ||     1
 Stab: Sleeping          |     5 |     1 ||     6
  Eat: Chunk             |     7 |     3 ||    10
       Ration            |       |     1 ||     1
Armor: Robe              |    21 |     7 ||    28
Dodge: Dodged            |    55 |    43 ||    98
